 Dungeon Sprint DCSS version 0.24.1-14-gf8d2b509d9 (webtiles) character file.

Game seed: 14751139402290556654, levelgen mode: deterministic

7478 Hugehornet the Transmogrifier (level 11, 0/72 HPs)
             Began as an Octopode Transmuter on May 16, 2020.
             Was the Champion of Cheibriados.
             Slain by a demonic crawler (8 damage)
             ... in the Dungeon (Sprint I: "Red Sonja").
             The game lasted 00:08:10 (2218 turns).

Hugehornet the Transmogrifier (Octopode Transmuter) Turns: 2218, Time: 00:08:10

Health: 0/72       AC:  1    Str: 25 (26) XL:     11   Next: 15%
Magic:  13/19      EV: 22    Int: 28 (29) God:    Cheibriados [******]
Gold:   893        SH:  0    Dex: 22 (23) Spells: 13/28 levels left

rFire    . . .     SeeInvis .     - Unarmed
rCold    + . .     Gourm    .   (shield currently unavailable)
rNeg     . . .     Faith    .   (helmet restricted)
rPois    .         Spirit   .   (no amulet)
rElec    .         Reflect  .   j - ring of protection from cold
rCorr    .         Harm     .   (no ring)
MR       .....     NoTele   +   (no ring)
Stlth    +++++++...             (no ring)
HPRegen  0.00/turn              (no ring)
MPRegen  0.16/turn              (no ring)
                                (no ring)
                                (no ring)

@: blade tentacles, very slow
A: almost no armour, stealthy swim, amphibious, 8 rings, constrict 8, camouflage
1, blurry vision 1, clumsy 2, deterioration 1, dopey 2, frail 1, low mp 2,
screaming 1, inhibited regeneration, gelatinous body 1
a: End Transformation, Bend Time, Temporal Distortion, Slouch, Step From Time,
Renounce Religion


You were in the Dungeon.
You worshipped Cheibriados.
Cheibriados was exalted by your worship.
You were not hungry.
You had blades for tentacles.
You visited 1 branch You collected 968 gold pieces.
You spent 75 gold pieces at shops.

Inventory:

Missiles
 a - 45 arrows
Jewellery
 j - a ring of protection from cold (left scythe-like blade)
Scrolls
 h - a scroll of fear
 i - a scroll of blinking
Potions
 d - 3 potions of curing
 f - a potion of might
 g - 2 potions of magic
 l - a potion of resistance
Comestibles
 c - a ration


   Skills:
 + Level 9.3 Fighting
 + Level 9.3 Dodging
 + Level 12.6 Stealth
 * Level 12.9 Unarmed Combat
 + Level 9.2 Spellcasting
 * Level 13.4 Transmutations
 - Level 3.4 Ice Magic
 + Level 4.9 Invocations


You had 13 spell levels left.
You knew the following spells:

 Your Spells              Type           Power        Failure   Level  Hunger
a - Beastly Appendage     Tmut           ######       4%          1    None
b - Sticks to Snakes      Tmut           ######..     4%          2    None
c - Spider Form           Tmut/Pois      ######....   14%         3    None
d - Ice Form              Ice/Tmut       ######..     17%         4    None
e - Blade Hands           Tmut           ######....   12%         5    ####...

Your spell library contained the following spells:

 Spells                   Type           Power        Failure   Level  Hunger


Dungeon Overview and Level Annotations

Branches:
Dungeon (1/1)

Altars:
Cheibriados
Dithmenos
Elyvilon
Fedhas
Gozag
Hepliaklqana
Kikubaaqudgha
Makhleb
Nemelex Xobeh
Okawaru
Qazlal
Ru
Sif Muna
Trog
Uskayaw
Vehumet
Wu Jian
Xom
Yredelemnul
Zin
The Shining One
Jiyva
Lugonu

Shops:
D *((}[[[

Annotations:
D exclusion: oklob plant


Innate Abilities, Weirdness & Mutations

You cannot wear most types of armour.
You are very stealthy in the water. (Stealth+)
You are amphibious.
You can wear up to eight rings at the same time.
You can use your tentacles to constrict eight enemies at once.
Your skin changes colour to match your surroundings (Stealth+).
Your rubbery body absorbs attacks. (AC +1, EV +1)
Scrolls take you a little longer to read.
You are very clumsy. (Dex -4)
Your body sometimes deteriorates upon taking damage.
You are very dopey. (Int -4)
You are frail. (-10% HP)
Your magical capacity is very low. (-20% MP)
You occasionally shout uncontrollably at your foes.
You do not regenerate when monsters are visible.


Message History

* * * LOW HITPOINT WARNING * * *
The demonic crawler barely misses you.
You feel much better. The demonic crawler closely misses you.
The demonic crawler completely misses you. x2
The demonic crawler closely misses you. x2; The demonic crawler hits you.
You completely miss the demonic crawler.
You slash the demonic crawler!
The demonic crawler is almost dead.
The demonic crawler barely misses you. The demonic crawler hits you!
* * * LOW HITPOINT WARNING * * *
The demonic crawler completely misses you.
The demonic crawler closely misses you. The demonic crawler barely misses you.
The demonic crawler hits you!
* * * LOW HITPOINT WARNING * * *
Your body deteriorates!
You feel dopey.
You slash the demonic crawler!
You kill the demonic crawler!
Cheibriados thoroughly appreciates the change of pace.
The demonic crawler hits you!
You die...

##################
.#.)'..#__#..'.).#
)'..#..'..'..#).@#
'#####'#__####...ss.#
.#...#.####§§#####s.+
##..##.#§≈§§.#..# +##
_##'#_.§≈§≈)§§.†#
..'.!._#≈§§§§#..#
_##_)#'##§#####+#
_###'#.#..§.###P+
####(####'###.###


You could see 3 demonic crawlers.

Vanquished Creatures
  2 centaur warriors (D)
  Sonja (D)
  A deep troll (D)
  8 shining eyes (D)
  2 kobold demonologists (D)
  A demonic crawler (D)
  A hornet (D)
  A slime creature (D)
  Sigmund (D)
  A yak (D)
  5 floating eyes (D)
  An ogre (D)
  A jelly (D)
  Ijyb (D)
27 creatures vanquished.

Vanquished Creatures (others)
  A gargoyle (D)
  2 ballistomycete spores (D)
3 creatures vanquished.

Grand Total: 30 creatures vanquished

Notes
Turn   | Place    | Note
-------+----------+-------------------------------------------
     0 | D        | Hugehornet the Octopode Transmuter began the quest for the
                  | Orb.
     0 | D        | Reached XP level 1. HP: 13/13 MP: 3/3
     2 | D        | Noticed Ijyb
    12 | D        | Killed Ijyb
    12 | D        | Reached skill level 5 in Transmutations
    12 | D        | Reached XP level 2. HP: 2/18 MP: 2/6
    12 | D        | Reached XP level 3. HP: 2/23 MP: 2/8
   309 | D        | Learned a level 2 spell: Sticks to Snakes
   313 | D        | Learned a level 3 spell: Spider Form
   315 | D        | Noticed an ogre
   324 | D        | Killed an ogre
   324 | D        | Reached skill level 6 in Transmutations
   324 | D        | Reached XP level 4. HP: 30/30 MP: 7/10
   331 | D        | Learned a level 4 spell: Ice Form
   359 | D        | Noticed Sigmund
   371 | D        | Killed Sigmund
   371 | D        | Reached skill level 5 in Stealth
   371 | D        | Reached skill level 5 in Spellcasting
   371 | D        | Reached skill level 7 in Transmutations
   371 | D        | Reached XP level 5. HP: 12/37 MP: 8/12
   371 | D        | Reached XP level 6. HP: 14/43 MP: 8/13
   581 | D        | Learned a level 5 spell: Blade Hands
   593 | D        | Found an ornate altar of the Wu Jian Council.
   593 | D        | Found a shimmering blue altar of Sif Muna.
   595 | D        | Found a radiant altar of Vehumet.
   748 | D        | Found Ulothrisi's Gadget Emporium.
   748 | D        | Found an ancient bone altar of Kikubaaqudgha.
   748 | D        | Found a hazy altar of Hepliaklqana.
   748 | D        | Found a stormy altar of Qazlal.
   748 | D        | Found a hide-covered altar of Uskayaw.
   748 | D        | Found a blossoming altar of Fedhas.
   748 | D        | Found a bloodstained altar of Trog.
   748 | D        | Found an iron altar of Okawaru.
   748 | D        | Found a basalt altar of Yredelemnul.
   748 | D        | Found a glowing golden altar of the Shining One.
   748 | D        | Found a snail-covered altar of Cheibriados.
   748 | D        | Found a sacrificial altar of Ru.
   748 | D        | Found a glowing silver altar of Zin.
   748 | D        | Found a shadowy altar of Dithmenos.
   748 | D        | Found a white marble altar of Elyvilon.
   748 | D        | Noticed a yak
   755 | D        | Killed a yak
   755 | D        | Reached skill level 8 in Transmutations
   755 | D        | Reached XP level 7. HP: 34/49 MP: 11/15
   757 | D        | Found an opulent altar of Gozag.
   758 | D        | Found a sparkling altar of Nemelex Xobeh.
   762 | D        | Became a worshipper of Cheibriados the Contemplative
   847 | D        | Killed a gargoyle
   882 | D        | Noticed Sonja
   894 | D        | Killed Sonja
   894 | D        | Reached skill level 5 in Fighting
   894 | D        | Reached skill level 5 in Dodging
   894 | D        | Reached skill level 9 in Transmutations
   894 | D        | Reached XP level 8. HP: 39/57 MP: 12/17
  1295 | D        | Found Babbudy's General Store.
  1303 | D        | Bought a potion of might for 40 gold pieces
  1303 | D        | Bought a scroll of fear for 35 gold pieces
  1305 | D        | Noticed a shining eye
  1305 | D        | Noticed a shining eye
  1305 | D        | Noticed a shining eye
  1307 | D        | Reached * piety under Cheibriados
  1316 | D        | Killed a shining eye
  1316 | D        | Reached skill level 10 in Transmutations
  1317 | D        | Noticed a shining eye
  1317 | D        | Gained mutation: You are clumsy. (Dex -2) [a shining eye]
  1317 | D        | Gained mutation: You are very clumsy. (Dex -4) [a shining
                  | eye]
  1318 | D        | Killed a shining eye
  1318 | D        | Reached ** piety under Cheibriados
  1318 | D        | Reached skill level 10 in Unarmed Combat
  1318 | D        | Reached XP level 9. HP: 63/63 MP: 13/19
  1319 | D        | Noticed a shining eye
  1319 | D        | Noticed a shining eye
  1319 | D        | Paralysed by a floating eye for 2 turns
  1323 | D        | Gained mutation: Your body sometimes deteriorates upon
                  | taking damage. [a shining eye]
  1324 | D        | Paralysed by a floating eye for 2 turns
  1325 | D        | Gained mutation: Scrolls take you a little longer to read.
                  | [a shining eye]
  1326 | D        | Gained mutation: You are frail. (-10% HP) [a shining eye]
  1329 | D        | Gained mutation: Your magical capacity is low. (-10% MP) [a
                  | shining eye]
  1329 | D        | Gained mutation: You occasionally shout uncontrollably at
                  | your foes. [a shining eye]
  1330 | D        | Killed a shining eye
  1330 | D        | Reached skill level 10 in Stealth
  1330 | D        | Reached skill level 11 in Transmutations
  1331 | D        | Gained mutation: You do not regenerate when monsters are
                  | visible. [a shining eye]
  1334 | D        | Gained mutation: You are dopey. (Int -2) [a shining eye]
  1336 | D        | Killed a shining eye
  1336 | D        | Reached *** piety under Cheibriados
  1340 | D        | Killed a shining eye
  1341 | D        | Killed a shining eye
  1341 | D        | Reached skill level 12 in Transmutations
  1341 | D        | Reached XP level 10. HP: 64/64 MP: 12/19
  1385 | D        | Noticed a shining eye
  1385 | D        | Noticed a shining eye
  1389 | D        | Reached **** piety under Cheibriados
  1400 | D        | Killed a shining eye
  1400 | D        | Reached skill level 1 in Invocations
  1403 | D        | Gained mutation: You are very dopey. (Int -4) [a shining
                  | eye]
  1404 | D        | Gained mutation: Your magical capacity is very low. (-20%
                  | MP) [a shining eye]
  1408 | D        | Killed a shining eye
  1411 | D        | Found Uhump's Antique Weapon Shoppe.
  1411 | D        | Found Perynang's Armour Boutique.
  1411 | D        | Found Hiylushra's Weapon Emporium.
  1412 | D        | Found Logriq's Antique Armour Shop.
  1450 | D        | Noticed a deep troll
  1454 | D        | Killed a deep troll
  1723 | D        | Noticed a centaur warrior
  1728 | D        | Found Ykyisar's Armour Emporium.
  1754 | D        | Noticed a centaur warrior
  1758 | D        | Killed a centaur warrior
  1758 | D        | Reached ***** piety under Cheibriados
  1760 | D        | Killed a centaur warrior
  1760 | D        | Reached skill level 13 in Transmutations
  2033 | D        | Noticed an oklob plant
  2151 | D        | Found a burning altar of Makhleb.
  2151 | D        | Found a viscous altar of Jiyva.
  2151 | D        | Found a shimmering altar of Xom.
  2151 | D        | Found a corrupted altar of Lugonu.
  2157 | D        | Reached XP level 11. HP: 68/72 MP: 14/19
  2201 | D        | Reached ****** piety under Cheibriados
  2203 | D        | Noticed a sixfirhy
  2218 | D        | Slain by a demonic crawler

Levels and vault maps discovered:
D:        dungeon_sprint_1 [red_sonja_temple_1, red_sonja_temple_small_1]

Skill      XL: |  1  2  3  4  5  6  7  8  9 10 |
---------------+-------------------------------+-----
Spellcasting   | 3 4 5 6 7 8 9 |  9.2
Transmutations | 5 6 7 8 9 10 12 13 | 13.4
Fighting       | 2 3 4 5 6 8 9 |  9.3
Dodging        | 3 4 5 6 8 9 |  9.3
Stealth        | 3 5 6 7 9 11 12 | 12.6
Unarmed Combat | 4 6 7 8 10 11 12 | 12.9
Ice Magic      | 2 3 |  3.4
Invocations    | 4 |  4.9

Action                   |  1- 3 |  4- 6 |  7- 9 | 10-12 || total
-------------------------+-------+-------+-------+-------++-------
Melee: Unarmed           |    15 |    21 |    31 |    28 ||    95
       Kick              |     3 |       |       |       ||     3
       Constrict         |     1 |       |     9 |     3 ||    13
       Tentacles         |       |       |     6 |     6 ||    12
       Punch             |       |       |     3 |     5 ||     8
 Cast: Beastly Appendage |     1 |       |       |     1 ||     2
       Spider Form       |     1 |     2 |       |       ||     3
       Ice Form          |       |     1 |     1 |       ||     2
       Blade Hands       |       |       |     2 |     7 ||     9
 Abil: End Transformatio |       |     2 |     2 |     5 ||     9
  Use: Scroll            |       |       |       |     2 ||     2
       Potion            |       |       |       |     2 ||     2
 Stab: Sleeping          |       |     1 |     1 |     3 ||     5
  Eat: Ration            |       |       |     1 |     1 ||     2
Armor: Skin              |       |     1 |     4 |     1 ||     6
Dodge: Dodged            |     7 |     8 |     6 |    33 ||    54
